 Dungeon Crawl Stone Soup version 0.30-a0-989-g0d87f670db (webtiles) character file.

Game seed: 51071386307929306

18 cheesebisquit the Chopper (level 2, 27/27 HPs)
             Began as a Minotaur Berserker on Apr 2, 2023.
             Was a Follower of Trog.
             Quit the game on level 1 of the Dungeon on Apr 3, 2023.
             The game lasted 00:02:54 (842 turns).

cheesebisquit the Chopper (Minotaur Berserker)       Turns: 842, Time: 00:02:55

Health: 27/27      AC:  2    Str: 21    XL:     2   Next: 48%
Magic:  1/1        EV: 12    Int:  4    God:    Trog [*.....]
Gold:   74         SH:  0    Dex:  9    Spells: 1/1 levels left

rFire   . . .      SeeInvis .    a - +0 hand axe
rCold   . . .      Faith    .    (no shield)
rNeg    . . .      Spirit   .    b - +0 animal skin
rPois   .          Reflect  .    (helmet restricted)
rElec   .          Rampage  .    (no cloak)
rCorr   .                        (no gloves)
Will    .....                    (no boots)
Stlth   +                        (no amulet)
HPRegen 0.24/turn                (no ring)
MPRegen 0.07/turn                (no ring)

@: no status effects
A: horns 2, retaliatory headbutt
a: Renounce Religion, Berserk


You were on level 1 of the Dungeon.
You worshipped Trog.
Trog was aware of your devotion.
You visited 1 branch of the dungeon, and saw 1 of its levels.

You collected 74 gold pieces.

Inventory:

Hand Weapons
 a - a +0 hand axe (weapon)
Armour
 b - a +0 animal skin (worn)
Jewellery
 h - a ring of protection from fire
Scrolls
 d - a scroll of identify {unknown}
 e - a scroll of torment {unknown}
 f - a scroll of teleportation {unknown}
Potions
 c - a potion of degeneration {unknown}
 g - a potion of might {unknown}
 i - a potion of curing {unknown}
 j - a potion of heal wounds {unknown}


   Skills:
 + Level 3.8 Fighting
 * Level 4.1 Axes
 + Level 2.7 Armour
 + Level 2.4 Dodging


You had one spell level left.
You didn't know any spells.
Your spell library was empty.

Dungeon Overview and Level Annotations

Branches:
Dungeon (1/15)

Altars:


Innate Abilities, Weirdness & Mutations

You have a pair of horns on your head.
You reflexively headbutt those who attack you in melee.


Message History

The giant cockroach bites you.
You slash the giant cockroach!
You kill the giant cockroach!
Trog accepts your kill.
A bat comes into view.
The bat hits you but does no damage.
You miss the bat. The bat barely misses you. The bat closely misses you.
You hit the bat.
You kill the bat!
Trog accepts your kill.
You see here a bat corpse.
Found a whip.
No target in view!
Found a leather armour.
Found a stone staircase leading down.
No target in view!
Found 7 stones.
You see here 7 stones.
j - a grey potion A kobold comes into view.
It is wielding a +0 short sword.
The kobold shouts!
The kobold hits you with a +0 short sword.
You hit the kobold.
You kill the kobold!
Trog accepts your kill.
Things that are here:
a +0 short sword; a kobold corpse You open the door.
There is an open door here.
As you open the door, it creaks loudly!
There is an open door here.
You see here a bat corpse.
You now have 74 gold pieces (gained 6).
Done exploring.
Done exploring.
Done exploring.
Welcome back, cheesebisquit the Minotaur Berserker.
Trog says: Kill them all!
Press ? for a list of commands and other information.
Are you sure you want to abandon this character and quit the game? (Confirm with "yes".)

......#.#
#......#
#.......#
##.######
#.#.(.#.#
#......#
#.##.##.#
#..###.#
#.......###..#
#.#
###..........#
#.#
#...#####.##
#.# ##.##
#.####.# ##.#
#.....@#
###..###
########


PPP.PPP# P.P...P# P.P.P.P### P...P....# P.P.PPP#.#############
..P...P......#.......# PPPPPPP#####.#.#####.# There were no monsters in sight!

Vanquished Creatures
  2 ball pythons (D:1)
  An endoplasm (D:1)
  2 giant cockroaches (D:1)
  2 hobgoblins (D:1)
  4 jackals (D:1)
  2 bats (D:1)
  A kobold (D:1)
14 creatures vanquished.

Notes
Turn   | Place    | Note
-------+----------+-------------------------------------------
     0 | D:1      | cheesebisquit the Minotaur Berserker began the quest for
                  | the Orb.
     0 | D:1      | Reached XP level 1. HP: 19/19 MP: 0/0
   391 | D:1      | Reached skill level 4 in Axes
   391 | D:1      | Reached XP level 2. HP: 24/27 MP: 1/1
   842 | D:1      | Quit the game

Illustrated notes

Levels and vault maps discovered:
D:1:      reono_arrival_mine, layout_loops_corners, minmay_hedge_maze

Skill      XL: |  1 |
---------------+----+-----
Axes           | 4 |  4.1
Fighting       | |  3.8
Armour         | |  2.7
Dodging        | |  2.4

Action                     || total
---------------------------++-------
  Melee: Hand axe          ||    24
         Headbutt          ||     2
 Armour: Animal skin       ||     7
  Dodge: Dodged            ||    16

Table legend: (Time is in decaauts)
 A = Elapsed time spent in this place.
 B = Non-inter-level travel time spent in this place.
 C = Inter-level travel time spent in this place.
 D = Time resting spent in this place.
 E = Time spent auto-exploring this place.
 F = Levels seen in this place.
 G = Mean time per level.
                   A        B        C        D        E       F      G
               +--------+--------+--------+--------+--------+-----+--------+
         Total |    844 |    844 |      0 |      0 |    764 |   1 |  844.0 |
       Dungeon |    844 |    844 |      0 |      0 |    764 |   1 |  844.0 |
               +--------+--------+--------+--------+--------+-----+--------+

Top non-repeatable levels by time:
     D:1: 844 daAuts
